 Dungeon Crawl Stone Soup version 0.23-a0-87-g5f73bc1 (webtiles) character file.

7670 Zenonira the Cruncher (level 11, -16/57 HPs)
             Began as a Gargoyle Gladiator on Aug 15, 2018.
             Was an Elder of Okawaru.
             Demolished by a white ugly thing (35 damage)
             ... on level 11 of the Dungeon.
             The game lasted 00:27:52 (10511 turns).

Zenonira the Cruncher (Gargoyle Gladiator)         Turns: 10511, Time: 00:27:55

Health: -16/57     AC: 22    Str: 18    XL:     11   Next: 18%
Magic:  18/18      EV:  8    Int:  9    God:    Okawaru [****..]
Gold:   455        SH:  0    Dex: 22    Spells: 9/10 levels left

rFire    . . .     SeeInvis .   N - +0 lajatang
rCold    . . .     Gourm    .   (shield currently unavailable)
rNeg     + . .     Faith    .   G - +1 chain mail of Qeomeos {Dex+2}
rPois    ∞         Spirit   .   m - +0 helmet
rElec    +         Reflect  .   (no cloak)
rCorr    .         Harm     .   H - +0 pair of gloves
MR       .....                  g - +0 pair of boots
Stlth    ..........             I - amulet of the acrobat
HPRegen  0.19/turn              J - +6 ring of dexterity
MPRegen  0.16/turn              K - +2 ring of protection

@: no status effects
A: negative energy resistance 1, electricity resistance, unbreathing,
petrification resistance, rot immunity, AC +8
a: Heroism, Renounce Religion


You were on level 11 of the Dungeon.
You worshipped Okawaru.
Okawaru was greatly pleased with you.
You were not hungry.

You visited 2 branches of the dungeon, and saw 12 of its levels.

You collected 719 gold pieces.
You spent 264 gold pieces at shops.

Inventory:

Hand Weapons
 a - a +1 quarterstaff
 N - a +0 lajatang (weapon)
Missiles
 d - 8 throwing nets
 w - 3 javelins of penetration (quivered)
 y - 8 javelins
Armour
 g - a +0 pair of boots (worn)
 m - a +0 helmet (worn)
 G - the +1 chain mail of Qeomeos (worn) {Dex+2}
   (You found it on level 8 of the Dungeon)

   It affects your dexterity (+2).
 H - a +0 pair of gloves (worn)
Jewellery
 k - an uncursed ring of stealth
 r - an uncursed amulet of harm
 s - an uncursed ring of magical power
 I - an amulet of the acrobat (around neck)
 J - a +6 ring of dexterity (left hand)
 K - a +2 ring of protection (right hand)
Wands
 b - a wand of polymorph (19)
 h - a wand of iceblast (9)
 n - a wand of flame (26)
 x - a wand of disintegration (10)
 E - a wand of digging (12)
 L - a wand of clouds (6)
Scrolls
 e - 3 scrolls of teleportation
 i - 2 scrolls of amnesia
 t - a scroll of fog
 u - 3 scrolls of remove curse
 C - 3 scrolls of blinking
 F - 2 scrolls of identify
Potions
 c - a potion of agility
 j - 2 potions of magic
 l - 7 potions of curing
 o - 7 potions of heal wounds
 p - 3 potions of cancellation
 q - 3 potions of mutation
 v - 2 potions of brilliance
 z - 3 potions of might
 A - 3 potions of lignification {unknown}
 B - a potion of flight {unknown}
 D - 3 potions of haste
Comestibles
 f - 11 rations
 M - a chunk of flesh


   Skills:
 - Level 2.1 Fighting
 + Level 13.0 Staves
 - Level 1.7 Throwing
 - Level 2.4 Dodging
 - Level 5.0 Translocations
 + Level 9.9 Invocations


You had 9 spell levels left.
You knew the following spells:

 Your Spells              Type           Power        Failure   Level  Hunger
a - Apportation           Tloc           #.....       63%         1    ##.....

Your spell library contained the following spells:

 Spells                   Type           Power        Failure   Level  Hunger
 Conjure Flame            Conj/Fire      #.......     100%        3    ####...
 Lightning Bolt           Conj/Air       #.........   100%        5    ######.
 Confuse                  Hex            #.......     100%        3    ####...
 Freezing Cloud           Conj/Ice/Air   #.........   100%        6    #######
 Mephitic Cloud           Conj/Pois/Air  #.......     100%        3    ####...
 Summon Small Mammal      Summ           #...         100%        1    ##.....
 Animate Dead             Necr           N/A          100%        4    #####..
 Pain                     Necr           #...         100%        1    ##.....
 Animate Skeleton         Necr           N/A          100%        1    ##.....
 Vampiric Draining        Necr           #.........   100%        3    ####...
 Summon Ice Beast         Ice/Summ       #.......     100%        4    #####..
 Regeneration             Chrm/Necr      #.........   100%        3    ####...
 Tukima's Dance           Hex            #.......     100%        3    ####...
 Stone Arrow              Conj/Erth      #.....       100%        3    ####...
 Shock                    Conj/Air       #...         100%        1    ##.....
 Swiftness                Chrm/Air       #.......     100%        2    ###....
 Airstrike                Air            #.........   100%        4    #####..
 Confusing Touch          Hex            #.....       100%        1    ##.....
 Ensorcelled Hibernation  Hex/Ice        #.....       100%        2    ###....
 Static Discharge         Conj/Air       #.......     100%        3    ####...
 Corona                   Hex            #......      100%        1    ##.....
 Dazzling Spray           Conj/Hex       #.....       100%        3    ####...


Dungeon Overview and Level Annotations

Branches:
Dungeon (11/15)            Temple (1/1) D:5            Lair (0/6) D:9
    Orc (0/2) D:9

Altars:
Ashenzari
Cheibriados
Dithmenos
Elyvilon
Fedhas
Gozag
Hepliaklqana
Kikubaaqudgha
Makhleb
Nemelex Xobeh
Okawaru
Qazlal
Ru
Sif Muna
Trog
Uskayaw
Vehumet
Wu Jian
Xom
Yredelemnul
Zin
The Shining One
Beogh

Shops:
D:7 *   D:10 !

Annotations:
D:3 1 runed door, 731's ghost, amateur HuAs


Innate Abilities, Weirdness & Mutations

You are resistant to torment.
Your stone body is resilient. (AC +8)
You are immune to poison.
You resist negative energy. (rN+)
You are resistant to electric shocks. (rElec)
You can survive without breathing.
You are immune to petrification.
You are immune to rotting.


Message History

The orc wizard gestures wildly while chanting.
The orc wizard seems to speed up.
You slash the white ugly thing!
The white ugly thing is heavily wounded.
The white ugly thing kicks you but does no damage.
You closely miss the white ugly thing.
The white ugly thing is heavily wounded.
The white ugly thing kicks you! The white ugly thing freezes you!!
You are too injured to fight recklessly!
You are too injured to fight recklessly!
You are too injured to fight recklessly!
You are too injured to fight recklessly!
You are too injured to fight recklessly!
You are too injured to fight recklessly!
You are too injured to fight recklessly!
Your chain mail of Qeomeos prevents you from hitting the white ugly thing.
The white ugly thing is heavily wounded.
The white ugly thing kicks you! The white ugly thing freezes you!!
Ouch! That really hurt!
You die...

#.....#.....+....
#.....#.....#....
########....#.....#....
#......######.....# ...
#......# #.....#
#......# #.>...#
#......# #.....#
#......# #.....#
#.....@######.....+
#######uo.........#
#....#.o....######
#....†......#
#....#......+
#....#......#
#....#......#
######......# #...o....


You could see a white ugly thing, an orc wizard and an orc.

Vanquished Creatures
  Harold (D:8)
  A centaur zombie (D:11)
  A hippogriff (D:4)
  Sigmund (D:3)
  A wraith (D:10)
  3 yaks (D:11)
  A wyvern (D:10)
  A hungry ghost (D:11)
  A steam dragon (D:11)
  An acid dragon (D:11)
  3 black bears
  5 ice beasts
  5 orc warriors
  3 sky beasts
  2 necrophages (D:8)
  4 phantoms
  6 ogres
  2 centaurs
  A crocodile (D:11)
  2 big kobolds
  Blork the orc (D:6)
  5 bullfrogs
  A wyvern skeleton (D:8)
  3 scorpions
  5 killer bees (D:11)
  5 wights
  3 howler monkeys
  A crimson imp (D:8)
  5 hounds
  4 bullfrog skeletons
  A centaur skeleton (D:11)
  4 orc priests
  2 jellies
  3 orc wizards
  Jessica (D:2)
  5 iguanas
  10 worker ants
  A killer bee zombie (D:9)
  A hound skeleton (D:7)
  8 gnolls
  6 adders
  2 shadow imps
  2 oozes
  An adder zombie (D:8)
  8 worms
  2 dart slugs
  7 leopard geckos
  35 orcs
  6 giant cockroaches
  3 goblins
  14 hobgoblins
  16 jackals
  6 quokkas
  4 ball pythons
  A ball python skeleton (D:4)
  4 bats
  4 frilled lizards
  13 kobolds
  A leopard gecko skeleton (D:5)
  8 rats
257 creatures vanquished.

Notes
Turn   | Place    | Note
-------+----------+-------------------------------------------
     0 | D:1      | Zenonira the Gargoyle Gladiator began the quest for the Orb.
     0 | D:1      | Reached XP level 1. HP: 12/12 MP: 1/1
   111 | D:1      | Reached XP level 2. HP: 16/17 MP: 2/2
   197 | D:1      | Reached skill level 4 in Staves
   409 | D:1      | Found a shattered altar of Ashenzari.
   412 | D:1      | Reached XP level 3. HP: 21/21 MP: 3/3
   791 | D:2      | Found a sacrificial altar of Ru.
   800 | D:2      | Reached skill level 5 in Staves
   800 | D:2      | Reached XP level 4. HP: 26/26 MP: 4/4
   933 | D:2      | Noticed Jessica
   956 | D:2      | Killed Jessica
   956 | D:2      | Reached XP level 5. HP: 15/30 MP: 5/5
  1469 | D:2      | Found a shadowy altar of Dithmenos.
  1639 | D:3      | Reached skill level 6 in Staves
  1821 | D:3      | Noticed Sigmund
  1915 | D:3      | Killed Sigmund
  1915 | D:3      | Reached skill level 7 in Staves
  1915 | D:3      | Reached XP level 6. HP: 29/35 MP: 6/6
  2213 | D:3      | Found a runed door.
  2215 | D:3      | Noticed 731's ghost (amateur HuAs)
  2371 | D:4      | Reached XP level 7. HP: 33/40 MP: 7/7
  2557 | D:4      | Reached skill level 8 in Staves
  3002 | D:4      | Found an opulent altar of Gozag.
  3006 | D:4      | Noticed a hippogriff
  3025 | D:4      | Killed a hippogriff
  3025 | D:4      | Reached skill level 9 in Staves
  3025 | D:4      | Reached XP level 8. HP: 20/44 MP: 8/8
  3585 | D:5      | Entered Level 5 of the Dungeon
  3656 | D:5      | Found a staircase to the Ecumenical Temple.
  3682 | Temple   | Entered the Ecumenical Temple
  3754 | Temple   | Became a worshipper of Warmaster Okawaru
  3800 | D:5      | Found a stormy altar of Qazlal.
  4021 | D:5      | Reached skill level 10 in Staves
  4021 | D:5      | Reached skill level 1 in Invocations
  4742 | D:6      | Noticed Blork the orc
  5373 | D:6      | Killed Blork the orc
  5547 | D:6      | Reached * piety under Okawaru
  5684 | D:5      | Reached XP level 9. HP: 45/48 MP: 12/12
  6107 | D:7      | Reached skill level 11 in Staves
  6107 | D:7      | Reached skill level 5 in Invocations
  6352 | D:7      | Found Ciwkojee's Assorted Antiques.
  6363 | D:7      | Identified the Tome of Glacial Combat Magic
  6378 | D:7      | Reached ** piety under Okawaru
  6496 | D:7      | Paralysed by an orc for 3 turns
  6524 | D:7      | Found a shimmering altar of Xom.
  7134 | D:8      | Found a hide-covered altar of Uskayaw.
  7138 | D:8      | Found a white marble altar of Elyvilon.
  7142 | D:8      | Found a basalt altar of Yredelemnul.
  7256 | D:8      | Found a deep blue altar of Sif Muna.
  7409 | D:8      | Learned a level 1 spell: Apportation
  7430 | D:8      | Noticed Harold
  7455 | D:8      | Killed Harold
  7455 | D:8      | Reached *** piety under Okawaru
  7455 | D:8      | Reached skill level 12 in Staves
  7455 | D:8      | Reached XP level 10. HP: 30/53 MP: 16/16
  7893 | D:8      | Got a slimy chain mail
  7904 | D:8      | Identified the +1 chain mail of Qeomeos {Dex+2} (You found it on level 8 of the Dungeon)
  8162 | D:9      | Found a staircase to the Lair.
  8350 | D:9      | You fall through a shaft!
  8350 | D:10     | Entered Level 10 of the Dungeon
  8400 | D:10     | Found Nic Fera's Distillery.
  8418 | D:10     | Bought a potion of might for 48 gold pieces
  8418 | D:10     | Bought a potion of haste for 120 gold pieces
  8418 | D:10     | Bought a potion of brilliance for 48 gold pieces
  8418 | D:10     | Bought a potion of agility for 48 gold pieces
  8617 | D:9      | Reached **** piety under Okawaru
  8986 | D:9      | Found a roughly hewn altar of Beogh.
  8986 | D:9      | Found a staircase to the Orcish Mines.
 10073 | D:11     | Reached XP level 11. HP: 38/57 MP: 15/18
 10311 | D:11     | Reached skill level 5 in Translocations
 10414 | D:11     | Reached skill level 13 in Staves
 10496 | D:11     | Noticed a white ugly thing
 10511 | D:11     | Demolished by a white ugly thing

Vault maps used:
D:1:      shiori_arrival_oz, ashenzari_altar_1
D:2:      nicolae_ru_great_annihilating_truth, lemuel_round_altar, uniq_jessica
D:3:      ebering_ghost_reflecting_pool, uniq_sigmund
D:4:      lemuel_doored_altar, first_ration
D:5:      grunt_qazlal_clouds, minmay_temple_entry_junction
D:6:      uniq_blork_the_orc
D:7:      tgw_xom, serial_shops, shop
D:8:      nicolae_overflow_crystal_walls, minmay_overflow_temple_star_quad,
          uniq_harold
D:9:      lair_entry_dummy, david_orc_5
D:10:     serial_shops, shop
Temple:   dshaligram_water_room_temple

Skill      XL: |  1  2  3  4  5  6  7  8  9 10 11 |
---------------+----------------------------------+-----
Staves         | 4 5 7 9 10 12 13 | 13.0
Invocations    | 4 8 9 |  9.9
Translocations | 2 4 5 |  5.0
Fighting       | |  2.1
Throwing       | |  1.7
Dodging        | |  2.4

Action                   |  1- 3 |  4- 6 |  7- 9 | 10-12 || total
-------------------------+-------+-------+-------+-------++-------
Melee: Quarterstaff      |    58 |   193 |   513 |   296 ||  1060
       Lajatang          |       |       |       |   102 ||   102
Throw: Javelin           |       |       |    12 |     1 ||    13
Invok: Heroism           |       |       |     1 |     5 ||     6
  Use: Scroll            |       |     8 |     7 |     1 ||    16
       Potion            |       |       |     1 |       ||     1
 Stab: Sleeping          |     1 |       |     3 |       ||     4
  Eat: Chunk             |       |     5 |    10 |    11 ||    26
       Ration            |       |       |     2 |       ||     2
Armor: Leather armour    |    17 |    72 |   142 |     8 ||   239
       Chain mail        |       |       |       |   179 ||   179
Dodge: Dodged            |    25 |   125 |   217 |   162 ||   529

Table legend:
 A = Non-vault XP
 B = Vault XP
 C = Vault XP percentage of total XP
 D = Non-vault monster count
 E = Vault monster count
 F = Vault count percentage of total count
 G = Total turns spent on level
                 A         B        C        D         E       F
            +---------+---------+-------+---------+---------+-------
      Total |    8816 |    2142 |  19.5 |     221 |      36 |  14.0
            +---------+---------+-------+---------+---------+-------
        D:1 |      41 |       3 |   6.8 |      15 |       2 |  11.8
        D:2 |     107 |      82 |  43.4 |      37 |       5 |  11.9
        D:3 |      73 |     220 |  75.1 |      14 |       1 |   6.7
        D:4 |     744 |       0 |   0.0 |      33 |       0 |   0.0
        D:5 |     553 |       0 |   0.0 |      16 |       0 |   0.0
        D:6 |     689 |      91 |  11.7 |      15 |       1 |   6.2
        D:7 |    1047 |      51 |   4.6 |      18 |       7 |  28.0
        D:8 |    1068 |    1018 |  48.8 |      20 |       1 |   4.8
        D:9 |     913 |     677 |  42.6 |      17 |      19 |  52.8
       D:10 |    1189 |       0 |   0.0 |      11 |       0 |   0.0
       D:11 |    2392 |       0 |   0.0 |      25 |       0 |   0.0
            +---------+---------+-------+---------+---------+-------
